MWL (24 & UNDER)
CINCINNATI PRIDE @ EVANSTON ELITISTS
05/29/2028
 
TOP OF THE 1ST
Cincinnati Pride batting - Pitching for Evanston Elitists : RHP Mario Machado
Pitching: RHP Mario Machado
Batting: SHB Jaime Martínez 0-0: SINGLE (Groundball, 6D)
Batting: LHB Paco Córdova 0-0: Ball
1-0: Called Strike
1-1: Ball
2-1: Ball
3-1: Fly out, F7 (Flyball, 7S)
Batting: RHB Jorge Flores 0-0: Ball
1-0: Foul Ball, location: 2F
1-1: Ball
2-1: Called Strike
2-2: Grounds into double play, 6-4-3 (Groundball, 6)
Top of the 1st over - 0 run(s), 1 hit(s), 0 error(s), 0 left on base; Cincinnati 0 - Evanston 0
BOTTOM OF THE 1ST
Evanston Elitists batting - Pitching for Cincinnati Pride : LHP Pedro Castro
Pitching: LHP Pedro Castro
Batting: LHB Luis Rodríguez 0-0: Ball
1-0: Ball
2-0: Called Strike
2-1: Ball
3-1: Base on Balls
Batting: SHB Jacob Wilcox 0-0: Ball
1-0: Called Strike
1-1: 2-RUN HOME RUN (Flyball, 78XD), Distance : 398 ft
Batting: RHB Luis López 0-0: Ground out 5-3 (Groundball, 56)
Batting: RHB António Martínez 0-0: Called Strike
0-1: Foul Ball, location: 2F
0-2: Strikes out swinging
Batting: LHB Alberto Varela 0-0: Foul Ball, location: 2F
0-1: Swinging Strike
0-2: Ball
1-2: Ground out 5-3 (Groundball, 5L)
Bottom of the 1st over - 2 run(s), 1 hit(s), 0 error(s), 0 left on base; Cincinnati 0 - Evanston 2
TOP OF THE 2ND
Cincinnati Pride batting - Pitching for Evanston Elitists : RHP Mario Machado
Batting: LHB John Clark 0-0: Ball
1-0: Ball
2-0: Ball
3-0: Base on Balls
Batting: RHB Bartolo Montero 0-0: Ball
1-0: Swinging Strike
1-1: Ball
2-1: Ball
3-1: SINGLE (Groundball, 34D)
John Clark to second
Batting: RHB Pete Woods 0-0: Foul Ball, location: 2F
0-1: Ball
1-1: Swinging Strike
1-2: Strikes out swinging
Batting: LHB Iván Vázquez 0-0: Called Strike
0-1: Ball
1-1: SINGLE (Line Drive, 4MD)
John Clark to third
Bartolo Montero to second
Runner from 3rd tries for Home, SAFE, throw made home
Batting: RHB Keith Sheehan 0-0: Ball
1-0: Foul Ball, location: 2F
1-1: Foul Ball, location: 2F
1-2: Ball
2-2: Foul Ball, location: 2F
2-2: Ball
3-2: Base on Balls
Bartolo Montero to third
Iván Vázquez to second
Batting: RHB Gary Miller 0-0: Ground out 6-3 (Groundball, 6S)
Bartolo Montero scores
Iván Vázquez to third
Keith Sheehan to second
Batting: SHB Jaime Martínez 0-0: Ball
1-0: Ball
2-0: Foul Ball, location: 2F
2-1: Ball
3-1: SINGLE (Line Drive, 8LS)
Iván Vázquez scores
Keith Sheehan to third
Runner from 3rd tries for Home, SAFE, throw made home
Jaime Martínez to second
Batting: LHB Paco Córdova 0-0: Called Strike
0-1: Foul Ball, location: 2F
0-2: Ball
1-2: Ground out 6-3 (Groundball, 6)
Top of the 2nd over - 4 run(s), 3 hit(s), 0 error(s), 1 left on base; Cincinnati 4 - Evanston 2
BOTTOM OF THE 2ND
Evanston Elitists batting - Pitching for Cincinnati Pride : LHP Pedro Castro
Batting: RHB Miguel Toro 0-0: Swinging Strike
0-1: Foul Ball, location: 2F
0-2: Ball
1-2: SINGLE (Line Drive, 34D)
Batting: LHB Ronald Gordon 0-0: Grounds into double play, 5-4-3 (Groundball, 56)
Batting: LHB Jean-Sébastien Beaudin 0-0: Ball
1-0: Called Strike
1-1: Swinging Strike
1-2: Ball
2-2: Strikes out swinging
Bottom of the 2nd over - 0 run(s), 1 hit(s), 0 error(s), 0 left on base; Cincinnati 4 - Evanston 2
TOP OF THE 3RD
Cincinnati Pride batting - Pitching for Evanston Elitists : RHP Mario Machado
Batting: RHB Jorge Flores 0-0: Ball
1-0: Ground out 4-3 (Groundball, 34)
Batting: LHB John Clark 0-0: Ball
1-0: Ground out 1-3 (Groundball, 13S)
Batting: RHB Bartolo Montero 0-0: Ball
1-0: Called Strike
1-1: Swinging Strike
1-2: Foul Ball, location: 2F
1-2: Foul Ball, location: 2F
1-2: Foul Ball, location: 2F
1-2: DOUBLE (Line Drive, 7LM)
Batting: RHB Pete Woods 0-0: Called Strike
0-1: Called Strike
0-2: Strikes out looking
Top of the 3rd over - 0 run(s), 1 hit(s), 0 error(s), 1 left on base; Cincinnati 4 - Evanston 2
BOTTOM OF THE 3RD
Evanston Elitists batting - Pitching for Cincinnati Pride : LHP Pedro Castro
Batting: RHB Carlos Miranda 0-0: Called Strike
0-1: Swinging Strike
0-2: Strikes out swinging
Batting: LHB Luis Rodríguez 0-0: Fly out, F9 (Flyball, 89S)
Batting: SHB Jacob Wilcox 0-0: Called Strike
0-1: Called Strike
0-2: Strikes out looking
Bottom of the 3rd over - 0 run(s), 0 hit(s), 0 error(s), 0 left on base; Cincinnati 4 - Evanston 2
TOP OF THE 4TH
Cincinnati Pride batting - Pitching for Evanston Elitists : RHP Mario Machado
Batting: LHB Iván Vázquez 0-0: Ball
1-0: Called Strike
1-1: Ball
2-1: Ball
3-1: Foul Ball, location: 2F
3-2: Strikes out swinging
Batting: RHB Keith Sheehan 0-0: Called Strike
0-1: Swinging Strike
0-2: SINGLE (Groundball, 56D)
Batting: RHB Gary Miller 0-0: Ball
1-0: Ball
2-0: Fly out, F8 (Flyball, 78S)
Batting: SHB Jaime Martínez 0-0: Foul Ball, location: 2F
0-1: Ball
1-1: Swinging Strike
1-2: Strikes out swinging, 2-3 out at first.
Top of the 4th over - 0 run(s), 1 hit(s), 0 error(s), 1 left on base; Cincinnati 4 - Evanston 2
BOTTOM OF THE 4TH
Evanston Elitists batting - Pitching for Cincinnati Pride : LHP Pedro Castro
Batting: RHB Luis López 0-0: Ball
1-0: Foul Ball, location: 2F
1-1: Ball
2-1: Ball
3-1: Base on Balls
Batting: RHB António Martínez 0-0: Ball
1-0: Fly out, F6 (Line Drive, 6)
Batting: LHB Alberto Varela 0-0: Called Strike
0-1: Ground out 5-3 (Groundball, 56S)
Luis López to second
Now at 3B: George Martin
Batting: RHB Miguel Toro 0-0: Called Strike
0-1: Ground out 6-3 (Groundball, 56)
Bottom of the 4th over - 0 run(s), 0 hit(s), 0 error(s), 1 left on base; Cincinnati 4 - Evanston 2
TOP OF THE 5TH
Cincinnati Pride batting - Pitching for Evanston Elitists : RHP Mario Machado
Batting: LHB Paco Córdova 0-0: Ball
1-0: Ball
2-0: Ball
3-0: Called Strike
3-1: DOUBLE (Line Drive, 89XD)
Batting: RHB Jorge Flores 0-0: Ball
1-0: Ground out 6-3 (Groundball, 6)
Batting: LHB John Clark 0-0: Intentional Walk
Pitching: LHP Wilson Ramos
Batting: RHB Bartolo Montero 0-0: Swinging Strike
0-1: Ball
Wild Pitch!
Paco Córdova to third
John Clark to second
1-1: Intentional Walk
Batting: RHB George Martin 0-0: Swinging Strike
0-1: Foul Ball, location: 2F
0-2: Foul Ball, location: 2F
0-2: Ball
1-2: Foul Ball, location: 2F
1-2: Ball
2-2: Foul Ball, location: 2F
2-2: Ball
3-2: SINGLE (Flyball, 7S)
Paco Córdova scores
John Clark to third
Bartolo Montero to second
Runner from 3rd tries for Home, SAFE, throw made home
Batting: LHB Iván Vázquez 0-0: Ball
1-0: Foul Ball, location: 2F
1-1: Ball
2-1: Swinging Strike
2-2: Strikes out swinging
Batting: RHB Keith Sheehan 0-0: Ball
1-0: Ball
2-0: Called Strike
2-1: Ball
3-1: Foul Ball, location: 2F
3-2: Strikes out swinging
Top of the 5th over - 2 run(s), 2 hit(s), 0 error(s), 2 left on base; Cincinnati 6 - Evanston 2
BOTTOM OF THE 5TH
Evanston Elitists batting - Pitching for Cincinnati Pride : LHP Pedro Castro
Batting: LHB Ronald Gordon 0-0: Called Strike
0-1: Ball
1-1: SINGLE (Flyball, 8LS)
Batting: LHB Jean-Sébastien Beaudin 0-0: Ball
1-0: Called Strike
1-1: Foul Ball, location: 2F
1-2: Ball
2-2: Strikes out swinging
Batting: RHB Carlos Miranda 0-0: Ball
1-0: Foul Ball, location: 2F
1-1: Ball
2-1: Fly out, F9 (Flyball, 9LMF)
Batting: LHB Luis Rodríguez 0-0: Called Strike
0-1: Fielders Choice at 2nd, 6-4 (Groundball, 6)
Bottom of the 5th over - 0 run(s), 1 hit(s), 0 error(s), 0 left on base; Cincinnati 6 - Evanston 2
TOP OF THE 6TH
Cincinnati Pride batting - Pitching for Evanston Elitists : LHP Wilson Ramos
Batting: RHB Gary Miller 0-0: Fly out, F3 (Popup, 34)
Batting: SHB Jaime Martínez 0-0: Called Strike
0-1: Called Strike
0-2: Fly out, F8 (Line Drive, 8RM)
Batting: LHB Paco Córdova 0-0: Ball
1-0: Foul Ball, location: 2F
1-1: Called Strike
1-2: Strikes out looking
Top of the 6th over - 0 run(s), 0 hit(s), 0 error(s), 0 left on base; Cincinnati 6 - Evanston 2
BOTTOM OF THE 6TH
Evanston Elitists batting - Pitching for Cincinnati Pride : LHP Pedro Castro
Batting: SHB Jacob Wilcox 0-0: Called Strike
0-1: Fly out, F8 (Flyball, 89M)
Batting: RHB Luis López 0-0: Called Strike
0-1: Ball
1-1: Swinging Strike
1-2: Foul Ball, location: 2F
1-2: Ground out 6-3 (Groundball, 6)
Batting: RHB António Martínez 0-0: Foul Ball, location: 2F
0-1: SINGLE (Groundball, 6D)
Batting: LHB Alberto Varela 0-0: Ball
1-0: Ball
2-0: Ball
3-0: Called Strike
3-1: Base on Balls
António Martínez to second
Batting: RHB Miguel Toro 0-0: Foul Ball, location: 2F
0-1: SINGLE (Line Drive, 7LS)
António Martínez to third
Alberto Varela to second
Throwing error, E7
António Martínez scores
Alberto Varela to third
Miguel Toro to second
Batting: LHB Ronald Gordon 0-0: Called Strike
0-1: Foul Ball, location: 2F
0-2: Ball
1-2: Foul Ball, location: 2F
1-2: Foul Ball, location: 2F
1-2: Ball
2-2: Foul Ball, location: 2F
2-2: Foul Ball, location: 2F
2-2: Ground out U3 (Groundball, 3)
Bottom of the 6th over - 1 run(s), 2 hit(s), 1 error(s), 2 left on base; Cincinnati 6 - Evanston 3
TOP OF THE 7TH
Cincinnati Pride batting - Pitching for Evanston Elitists : LHP Wilson Ramos
Batting: RHB Jorge Flores 0-0: Ball
1-0: Called Strike
1-1: Ball
2-1: Called Strike
2-2: Ball
3-2: Foul Ball, location: 2F
3-2: Foul Ball, location: 2F
3-2: SINGLE (Flyball, 7LS)
Batting: LHB John Clark 0-0: Foul Ball, location: 2F
0-1: Ball
Wild Pitch!
Jorge Flores to second
1-1: Called Strike
1-2: Ball
2-2: Strikes out swinging
Batting: RHB Bartolo Montero 0-0: Intentional Walk
Batting: RHB George Martin 0-0: Ball
1-0: Foul Ball, location: 2F
1-1: Ball
2-1: Ball
3-1: Base on Balls
Jorge Flores to third
Bartolo Montero to second
Pinch Hitting: RHB Jorge Silva 0-0: Called Strike
0-1: Ball
1-1: Ball
2-1: SINGLE (Line Drive, 78M)
Jorge Flores scores
Bartolo Montero to third
George Martin to second
Runner from 3rd tries for Home, SAFE, no throw
Pitching: RHP Lorne McCoy
Batting: RHB Keith Sheehan 0-0: Ball
1-0: Ball
2-0: Ball
3-0: Base on Balls
George Martin to third
Jorge Silva to second
Batting: RHB Gary Miller 0-0: Ball
1-0: Foul Ball, location: 2F
1-1: Foul Ball, location: 2F
1-2: Ball
2-2: Strikes out swinging
Batting: SHB Jaime Martínez 0-0: Ball
1-0: Foul Ball, location: 2F
1-1: Hit by Pitch
George Martin scores
Jorge Silva to third
Keith Sheehan to second
Batting: LHB Paco Córdova 0-0: Fly out, F9 (Flyball, 89M)
Top of the 7th over - 3 run(s), 2 hit(s), 0 error(s), 3 left on base; Cincinnati 9 - Evanston 3
BOTTOM OF THE 7TH
Evanston Elitists batting - Pitching for Cincinnati Pride : LHP Pedro Castro
Pitching: RHP Pedro Ayala
Now at 1B: Roger Rush
Batting: LHB Jean-Sébastien Beaudin 0-0: Called Strike
0-1: Ball
1-1: Foul Ball, location: 2F
1-2: Foul Ball, location: 2F
1-2: Strikes out swinging
Batting: RHB Carlos Miranda 0-0: SINGLE (Line Drive, 6)
Batting: LHB Luis Rodríguez 0-0: Ball
1-0: Called Strike
1-1: Ball
2-1: Foul Ball, location: 2F
2-2: Fly out, F9 (Flyball, 9)
Batting: SHB Jacob Wilcox 0-0: Ball
1-0: Ball
2-0: Called Strike
2-1: Swinging Strike
2-2: Foul Ball, location: 2F
2-2: Ball
3-2: Base on Balls
Carlos Miranda to second
Batting: RHB Luis López 0-0: Called Strike
0-1: Ball
1-1: Ball
2-1: Foul Ball, location: 2F
2-2: Ball
3-2: Foul Ball, location: 2F
3-2: Base on Balls
Carlos Miranda to third
Jacob Wilcox to second
Batting: RHB António Martínez 0-0: Ball
1-0: Ball
2-0: Called Strike
2-1: Ball
3-1: DOUBLE (Flyball, 8LM)
Carlos Miranda scores
Jacob Wilcox scores
Luis López to third
Pitching: RHP Júlio Ovies
Batting: LHB Alberto Varela 0-0: Ball
1-0: Foul Ball, location: 2F
1-1: Swinging Strike
1-2: Ball
2-2: Ball
3-2: Base on Balls
Batting: RHB Miguel Toro 0-0: Called Strike
0-1: Ball
1-1: Foul Ball, location: 2F
1-2: Foul Ball, location: 2F
1-2: Foul Ball, location: 2F
1-2: Foul Ball, location: 2F
1-2: Ball
2-2: Strikes out swinging
Bottom of the 7th over - 2 run(s), 2 hit(s), 0 error(s), 3 left on base; Cincinnati 9 - Evanston 5
TOP OF THE 8TH
Cincinnati Pride batting - Pitching for Evanston Elitists : RHP Lorne McCoy
Batting: RHB Jorge Flores 0-0: Fly out, F7 (Line Drive, 7)
Batting: LHB John Clark 0-0: Ball
1-0: Swinging Strike
1-1: Ball
2-1: Foul Ball, location: 2F
Error on foul ball, E7
2-2: SINGLE (Line Drive, 6)
Batting: RHB Bartolo Montero 0-0: Called Strike
0-1: Ball
1-1: Ball
2-1: Swinging Strike
2-2: Ball
3-2: Foul Ball, location: 2F
3-2: Foul Ball, location: 2F
3-2: Foul Ball, location: 2F
3-2: DOUBLE (Line Drive, 7D)
John Clark to third
Runner from 3rd tries for Home, throw and OUT!
Bartolo Montero to third
Batting: RHB George Martin 0-0: Ball
1-0: Swinging Strike
1-1: Ball
2-1: Ball
3-1: Base on Balls
Batting: RHB Roger Rush 0-0: Ball
1-0: Foul Ball, location: 2F
1-1: Fly out, F9 (Flyball, 9)
Top of the 8th over - 0 run(s), 2 hit(s), 1 error(s), 2 left on base; Cincinnati 9 - Evanston 5
BOTTOM OF THE 8TH
Evanston Elitists batting - Pitching for Cincinnati Pride : RHP Júlio Ovies
Batting: LHB Ronald Gordon 0-0: Ball
1-0: Ball
2-0: Called Strike
2-1: Ball
3-1: Base on Balls
Batting: LHB Jean-Sébastien Beaudin 0-0: Ball
1-0: Foul Ball, location: 2F
1-1: SINGLE (Flyball, 9S)
Ronald Gordon to second
Runner from 2nd tries for 3rd, SAFE, throw made to third
Jean-Sébastien Beaudin to second
Pitching: RHP Carl Rojas
Batting: RHB Carlos Miranda 0-0: Called Strike
0-1: Foul Ball, location: 2F
0-2: Foul Ball, location: 2F
0-2: Strikes out swinging
Batting: LHB Luis Rodríguez 0-0: Ball
1-0: Fly out, F7 (Flyball, 7D)
Runner from 3rd tags up, SCORES, no throw
Jean-Sébastien Beaudin to third
Batting: SHB Jacob Wilcox 0-0: Foul Ball, location: 2F
0-1: Called Strike
0-2: Ball
1-2: Foul Ball, location: 2F
1-2: SINGLE (Groundball, 34D)
Jean-Sébastien Beaudin scores
Batting: RHB Luis López 0-0: Ball
1-0: Called Strike
1-1: Foul Ball, location: 2F
1-2: Foul Ball, location: 2F
1-2: Ball
2-2: Ball
3-2: SINGLE (Groundball, 34D)
Jacob Wilcox to second
Jacob Wilcox to third
Pinch Hitting: RHB Wilfred Martin 0-0: Ball
1-0: Ball
2-0: Ball
3-0: Base on Balls
Luis López to second
Batting: LHB Alberto Varela 0-0: Swinging Strike
0-1: Foul Ball, location: 2F
0-2: Fielders Choice at 2nd, 5-4 (Groundball, 56)
Bottom of the 8th over - 2 run(s), 3 hit(s), 0 error(s), 2 left on base; Cincinnati 9 - Evanston 7
TOP OF THE 9TH
Cincinnati Pride batting - Pitching for Evanston Elitists : RHP Lorne McCoy
Now at 3B: Henry Morris
Batting: RHB Keith Sheehan 0-0: Ball
1-0: Swinging Strike
1-1: Foul Ball, location: 2F
1-2: Foul Ball, location: 2F
1-2: Ball
2-2: Foul Ball, location: 2F
2-2: Foul Ball, location: 2F
2-2: Strikes out looking
Batting: RHB Gary Miller 0-0: Called Strike
0-1: TRIPLE (Line Drive, 8RD)
Batting: SHB Jaime Martínez 0-0: Ball
1-0: Ball
2-0: Ball
3-0: Base on Balls
Pitching: LHP Gregory Thompson
Pinch Hitting: RHB Álex Hernández 0-0: Called Strike
Jaime Martínez steals 2nd base
0-1: Ball
1-1: Foul Ball, location: 2F
1-2: Strikes out swinging
Batting: RHB Jorge Flores 0-0: Called Strike
0-1: Swinging Strike
0-2: Ball
1-2: Ball
2-2: Strikes out looking
Top of the 9th over - 0 run(s), 1 hit(s), 0 error(s), 2 left on base; Cincinnati 9 - Evanston 7
BOTTOM OF THE 9TH
Evanston Elitists batting - Pitching for Cincinnati Pride : RHP Carl Rojas
Pitching: RHP Lyle Scalise
Now at SS: Leslie Kennedy
Batting: RHB Miguel Toro 0-0: Called Strike
0-1: Called Strike
0-2: Ball
1-2: SINGLE (Groundball, 6S) (infield hit)
Batting: LHB Ronald Gordon 0-0: Ball
1-0: Ball
2-0: Ball
3-0: Base on Balls
Miguel Toro to second
Batting: LHB Jean-Sébastien Beaudin 0-0: Ball
1-0: Called Strike
1-1: Bunted foul
1-2: Foul Ball, location: 2F
1-2: Ball
2-2: Foul Ball, location: 2F
2-2: SINGLE (Line Drive, 4D)
Miguel Toro to third
Ronald Gordon to second
Runner from 3rd tries for Home, SAFE, no throw
Pinch Hitting: RHB Jorge Calderón 0-0: Ball
1-0: Ball
2-0: Called Strike
2-1: Ball
3-1: Reached on error, E5 (Groundball, 5L)
Ronald Gordon to third
Jean-Sébastien Beaudin to second
Batting: LHB Luis Rodríguez 0-0: Called Strike
0-1: Ball
1-1: Ball
2-1: Foul Ball, location: 2F
2-2: Ball
3-2: Grounds into double play, 4-2-3 (Groundball, 34)
Jean-Sébastien Beaudin to third
Jorge Calderón to second
Batting: SHB Jacob Wilcox 0-0: Called Strike
0-1: Ball
1-1: Foul Ball, location: 2F
1-2: Ball
2-2: Strikes out looking
Bottom of the 9th over - 1 run(s), 2 hit(s), 1 error(s), 2 left on base; Cincinnati 9 - Evanston 8
Tuesday, August 8th, 2017 - OOTP Baseball 17.12 Build 75